Cogmind - Beta 16 @@@ ROGUE MODE // 2025.10.22 @ 16:43:38 Player: Visionary Result: Destroyed by G-34 Mercenary with Small Laser Performance ------------- Evolutions (0) 0 Regions Visited (1) 200 Robots Destroyed (19) 95 Value Destroyed (499) 499 Prototype IDs (0) 0 Alien Tech Used (0) 0 Bonus (0) 0 TOTAL SCORE: 794 Bonus ------- None Cogmind --------- Core Integrity 0/250 Matter 286/300 Energy 100/100 System Corruption 0% Temperature Cool (6) Movement Core (700) Ox13 Location -10/Materials Parts ------- > --- POWER (1) -------- (None) > --- PROPULSION (2) --- (None) > --- UTILITY (2) ------ High-capacity Storage Unit > --- WEAPON (2) ------- (None) > --- INVENTORY (20) --- Aluminum Leg Aluminum Leg Hover Unit Flight Unit Heat Sink Structural Scanner Terrain Scan Processor Tractor Beam Peak State ------------ > --- POWER ------------ Ion Engine > --- PROPULSION ------- Wheel Wheel > --- UTILITY ---------- High-capacity Storage Unit Huge Storage Unit > --- WEAPON ----------- Assault Rifle Grenade Launcher > --- INVENTORY -------- Light Ion Engine Hover Unit Small Laser [Rating: 7] Favorites ----------- Power Ion Engine Engine Ion Engine Propulsion Aluminum Leg Leg Aluminum Leg Wheel Wheel Utility High-capacity Storage Unit Device Heat Sink Storage High-capacity Storage Unit Protection Light Armor Plating Weapon Assault Rifle Energy Gun Small Laser Ballistic Gun Assault Rifle Launcher Grenade Launcher Special Melee Weapon Datajack Build | -11 -10 ------- Run | Yrd Mat Slots Evolved . | . . Power . | . . Propulsion . | . . Utility . | . . Weapon . | . . Parts Attached 21 | 8 13 Power 5 | 2 3 Engine 5 | 2 3 Core . | . . Reactor . | . . Propulsion 5 | 4 1 Treads . | . . Leg 3 | 2 1 Wheel 2 | 2 . Hover . | . . Flight . | . . Utility 6 | . 6 Device 1 | . 1 Storage 4 | . 4 Processor . | . . Hackware . | . . Protection 1 | . 1 Artifact . | . . Weapon 5 | 2 3 Energy Gun 1 | 1 . Energy Cannon . | . . Ballistic Gun 2 | 1 1 Ballistic Cannon . | . . Launcher 1 | . 1 Special Weapon . | . . Impact Weapon . | . . Slashing Weapon . | . . Piercing Weapon . | . . Special Melee Weapon 1 | . 1 Unidentified Prototypes . | . . Parts Lost 8 | . 8 Power 1 | . 1 Propulsion 2 | . 2 Utility 1 | . 1 Weapon 4 | . 4 Highest Loss Streak 5 | . 5 To Critical Strikes . | . . Average Backups 4 | 2 4 Power . | . . Propulsion 1 | 1 1 Utility 1 | . 1 Weapon . | . . Tool/Special . | . . Unused Backups 7 | . 7 Power . | . . Propulsion 4 | . 4 Utility 3 | . 3 Weapon . | . . Tool/Special . | . . Average Slot Usage (%) 90 | . 90 Engine 13 | . 13 Leg 18 | . 18 Wheel 9 | . 9 Device 4 | . 4 Storage 14 | . 14 Protection 4 | . 4 Energy Gun 3 | . 3 Ballistic Gun 13 | . 13 Launcher 5 | . 5 Peak Build Rating 7 | 5 7 Average Rating 6 | 3 6 On Entrance 2 | . 5 Avg Prop Armor Cover (%) . | . . Naked Turns . | . . Heaviest Build 130 | 8 130 Greatest Support 20 | 20 20 Greatest Overweight (x) 13 | . 13 Average Overweight (x) 2 | . 2 Largest Inventory Capacity 25 | 5 25 Average Capacity 18 | 5 20 Most Carried 9 | 4 9 Average Carried 4 | 2 4 Final Capacity 20 | 5 20 Final Carried 8 | 3 8 Class Distribution -------------------- 100% | Mutant Dominant Class ---------------- Mutant | -10/Materials Resources | -11 -10 ----------- Run | Yrd Mat Matter Collected 639 | 292 347 Remotely . | . . Salvage Created 582 | 62 520 Parts 50 | 5 45 Haulers Intercepted . | . . Recyclers Shooed . | . . Parts Field Recycled . | . . Retrieved Matter . | . . Parts Self-Destructed . | . . Prevented . | . . Parts Restored . | . . Kills | -11 -10 ------- Run | Yrd Mat Combat Hostiles Destroyed 16 | 1 15 Guns 15 | 1 14 AOE 1 | . 1 Classes Destroyed 5 | 2 3 Builder 1 | . 1 Tunneler 1 | 1 . Operator 1 | . 1 Swarmer 4 | . 4 Grunt 12 | 1 11 Best Kill Streak 5 | 2 5 Combat Bots Only 5 | 1 5 Max Kills in Single Turn 2 | 1 2 Gunslinging . | . . Exploded 1 | . 1 Melee . | . . Uniques/NPCs Destroyed . | . . Combat | -11 -10 -------- Run | Yrd Mat Hostile Shots Fired 158 | 6 152 Missed 41 | 3 38 Hits 117 | 3 114 Projectile 117 | 3 114 Critical Strikes 1 | . 1 Damage Taken 1176 | 31 1145 Core 252 | 10 242 Absorbed by Shields . | . . Core Remaining (%) 96 | 96 . Volleys Fired 84 | 4 80 Largest 2 | 2 2 Hottest 60 | 60 60 Shots Fired 115 | 8 107 Gun 109 | 8 101 Cannon . | . . Launcher 6 | . 6 Special . | . . Kinetic 81 | 4 77 Thermal 28 | 4 24 Explosive 6 | . 6 Electromagnetic . | . . Robot Hit Streak 7 | 4 7 Robot Miss Streak 7 | 2 7 Penetration Max . | . . Secondary Targets . | . . Shots Hit Robots 60 | 5 55 Core Hits 35 | 3 32 Critical Kills . | . . Critical Parts Destroyed . | . . Critical Strikes . | . . Melee Attacks . | . . Impact . | . . Slashing . | . . Piercing . | . . Sneak Attacks . | . . Combat Hostiles . | . . Follow-up Attacks . | . . Damage Inflicted 888 | 69 819 Guns 682 | 69 613 Cannons . | . . Explosions 206 | . 206 Melee . | . . Ramming . | . . Kinetic 537 | 38 499 Thermal 145 | 31 114 Explosive 206 | . 206 Electromagnetic . | . . Impact . | . . Slashing . | . . Piercing . | . . Highest Corruption . | . . Average Corruption . | . . Corruption Purged . | . . Corruption Blocked . | . . Overload Shots . | . . Overflow Damage . | . . Projectiles . | . . Explosions . | . . Melee . | . . Knockbacks . | . . Impact . | . . Kinetic . | . . Secondary . | . . Self-Inflicted Damage 17 | . 17 Shots 1 | . 1 Rammed . | . . Targets Rammed . | . . Kicked . | . . Crushed . | . . Highest Temperature 79 | 12 79 Average Temperature 24 | 10 26 Received Heat Transfer 417 | 18 399 Siege Activations . | . . Martial Activations . | . . Shielding Activations . | . . Robots Disrupted . | . . Combat Hostiles . | . . Robots Corrupted . | . . Combat Hostiles . | . . Parts Fried . | . . Impact Corruptions . | . . Robots Melted . | . . Combat Hostiles . | . . Parts Melted . | . . Heat Transferred 325 | 75 250 Parts Sabotaged . | . . Parts Stolen . | . . Parts Stripped . | . . Power Chain Reactions . | . . Alert | -11 -10 ------- Run | Yrd Mat Maximum Alert Level . | . . Low Security (%) 100 | 100 100 Level 1 . | . . Level 2 . | . . Level 3 . | . . Level 4 . | . . Level 5 . | . . High Security . | . . Max Security . | . . Peak Influence 94 | 25 94 Initial 9 | . 9 Average 33 | 5 36 Influence Increases 464 | 25 439 Destroy 0b10 Robot/C 320 | 20 300 Destroy 0b10 Robot/NC 15 | 5 10 Destroy Leader 70 | . 70 Successful Hack 12 | . 12 Disable Machine 15 | . 15 Destroy Structure 32 | . 32 Influence Decreases 426 | 10 416 Entered New Map 6 | . 6 Time Decay 346 | 10 336 Lost Part 74 | . 74 Squads Dispatched 5 | . 5 Investigation 2 | . 2 Extermination . | . . Reinforcement 3 | . 3 Assault . | . . Garrison . | . . Intercept . | . . Searches Triggered . | . . Construction Impeded . | . . Haulers Reinforced . | . . Active Scanning Responses . | . . Cargo Convoy Interrupts . | . . Stealth | -11 -10 --------- Run | Yrd Mat Distress Signals 1 | . 1 Communications Jammed . | . . Distress Signals . | . . Times Spotted 32 | 1 31 Peak Tracking Total 7 | 1 7 Tactical Retreats . | . . Traps | -11 -10 ------- Run | Yrd Mat Traps Triggered 2 | . 2 Indirectly . | . . Trap Hack Attempts . | . . Triggered . | . . Disarmed . | . . Reprogrammed . | . . Reused . | . . Traps Extracted . | . . Installed . | . . Triggered . | . . Machines | -11 -10 ---------- Run | Yrd Mat Machines Disabled 1 | . 1 Max in Single Turn 1 | . 1 Machines Repaired . | . . Machines Dismantled . | . . Machines Sabotaged . | . . Overloaded Fab Kills . | . . Hacking | -11 -10 --------- Run | Yrd Mat Machines Accessed 1 | . 1 Terminals 1 | . 1 Fabricators . | . . Repair Stations . | . . Recycling Units . | . . Scanalyzers . | . . Garrison Access . | . . Total Hacks 2 | . 2 Successful 1 | . 1 Failed 1 | . 1 Catastrophic . | . . Database Lockouts . | . . Manual . | . . Terminals 2 | . 2 Fabricators . | . . Repair Stations . | . . Recycling Units . | . . Scanalyzers . | . . Garrison Access . | . . Terminal Hacks 1 | . 1 Record 1 | . 1 Fabricator Hacks . | . . Repair Station Hacks . | . . Recycling Unit Hacks . | . . Scanalyzer . | . . Garrison Access Hacks . | . . Unauthorized Hacks . | . . Terminals . | . . Fabricators . | . . Repair Stations . | . . Recycling Units . | . . Scanalyzers . | . . Garrison Access . | . . Data Cores Recovered . | . . Used . | . . Hacking Detections 1 | . 1 Full Trace Events . | . . Feedback Events . | . . Feedback Blocked . | . . Robot Schematics Acquired . | . . Robots Built . | . . Authchips . | . . Time . | . . Total Robot Build Rating . | . . Part Schematics Acquired . | . . Parts Built . | . . Authchips . | . . Time . | . . Total Part Build Rating . | . . Part Studies Acquired . | . . Parts Repaired . | . . Time . | . . Parts Recycled . | . . Recycled Matter . | . . Retrieved Matter . | . . Retrieved Components . | . . Parts Scanalyzed . | . . Part Schematics Acquired . | . . Parts Damaged . | . . Bothacking | -11 -10 ------------ Run | Yrd Mat Used RIF Installer . | . . Robots Hacked . | . . Non-combat . | . . Combat . | . . Robot Hacks Applied . | . . Relay Couplers Released . | . . Fabnet Peak Effective % . | . . Robots Rewired . | . . Allies Hacked . | . . Hacks Repelled . | . . Allies | -11 -10 -------- Run | Yrd Mat Total Allies . | . . Largest Group . | . . Highest-Rated Group . | . . Highest-Rated Ally . | . . Total Orders . | . . Ally Attacks . | . . Total Damage . | . . Kills . | . . Allies Corrupted . | . . Allies Melted . | . . Intel | -11 -10 ------- Run | Yrd Mat Active Infowar (turns) . | . . Robot Analysis Total . | . . Derelict Logs Recovered . | . . Drone Launches . | . . Drone Recoveries . | . . Exploration | -11 -10 ------------- Run | Yrd Mat Turns Passed 957 | 85 872 Spaces Moved 392 | 74 318 Core 19 | 17 2 Treads . | . . Legs 167 | 3 164 Wheels 206 | 54 152 Hover . | . . Flight . | . . Fastest Speed 50 | 50 80 Average Speed 177 | 74 201 Slowest Speed 700 | 120 700 Overloaded Moves . | . . Propulsion Burnouts . | . . Robots Hopped . | . . Potential Cave-ins . | . . Cave-ins Triggered . | . . Exploration Rate (%) 30 | 8 52 Regions Visited 1 Branch Regions . Pre-discovered Areas . | . . Known Exits Taken . | . . Unknown Exits Taken 1 | 1 . Scrap Searched . | . . Spaces Dug . | . . Terrain Destroyed 41 | . 41 Melee . | . . Projectile . | . . AOE 41 | . 41 Terrain Rammed . | . . Walls Destroyed . | . . Machines Disabled . | . . Actions | -11 -10 --------- Run | Yrd Mat Total 546 | 95 451 Wait . | . . Move 391 | 73 318 Hop . | . . Pick Up 30 | 8 22 Fast Attach . | . . Attach 15 | 7 8 Detach 4 | 2 2 Swap 9 | 1 8 Drop 13 | . 13 Fire 84 | 4 80 Melee . | . . Ram . | . . Kick . | . . Crush . | . . Escape Stasis . | . . Rewire . | . . Trap . | . . Miscellaneous . | . . Route ------- -11/Scrapyard -10/Materials (discovered 1 exit: [*Mat]) History --------- Turn | Location | Event 2 | -11/Scrapyard | Met Revision 17 51 | -11/Scrapyard | Discovered new exit (range 8) 86 | -11/Scrapyard | Entered Materials 303 | -10/Materials | Build established: Mutant 485 | -10/Materials | Discovered new exit (range 15) 945 | -10/Materials | Core integrity fell below 50% 952 | -10/Materials | Core integrity fell below 20% 958 | -10/Materials | Destroyed by G-34 Mercenary with Small Laser Last Messages --------------- K-01 Serf collects debris. Acquired 17 matter. Aluminum Leg destroyed. Ion Engine destroyed. K-01 Serf collects debris. Sml. Laser destroyed. K-01 Serf collects debris. S-10 Pest destroyed. K-01 Serf collects debris. R-06 Scavenger collects Lgt. Assault Rifle. K-01 Serf destroyed. M-13 Machinist destroyed. K-01 Serf collects debris. R-06 Scavenger collects Med. Matter Pod. K-01 Serf collects debris. S-10 Pest destroyed. K-01 Serf collects debris. R-06 Scavenger collects Welding Torch. K-01 Serf collects debris. [Achievement: First Step to Greatness] Map ----- +----------------------------------------------------+ | | | | | | | | | | | | | ?????????????????????????????????????????????????? | | ?????????????????????????????????????????????????? | | ?????????????????????????????????????????????????? | | ?????????????????????????????????????????????????? | | ?????????????????????????????????????????????????? | | ?????????????????????????????????????????????????? | | ?????????????????????????????????????????????????? | | ?????????????????????????????????????????????????? | | ?????????????????????????????????????????????????? | | ??????????????#??????????????????????????????????? | | ?????????????? ?????????????????????????????????? | | ??????????????? ????????????????????????????????? | | ??????????????? ???????????????????????????????? | | ??????????????? ???????????????????????????????? | | ????????????"" """??????????????????????????????? | | ????????????"" """ ?????????????????????????????? | | ????????" """ """ ???????????????????????????#? | | ??????? %####????????????????????? #? | | ??????? [ =g!! #################+## # | | ??????? % k*g=% @ ? | | ??????? gw ! T??? | | ??????? ^ rk r k ??? | | ???????? ######+### #######?????? | | ???????? """ """ ## # # #?????? | | ????????????""""""" ## """"" + + #?????? | | ??????????????"" " ## ""T"" # # #?????? | | ?????????????? ## # # #?????? | | ????????????? ## # # #?????? | | ?????????????##### ############# # #?????? | | ?????????????????# ????????????# # #?????? | | ?????????????????# ????????????# ###+###?????? | | ?????????????????# ?????? ????## ### #???????? | | ?????????????????# ?????? ??# !## #???????? | | ?????????????????? ?????? # ## #????#### | | ??????????????????????????? / ## #????"""# | | #####???????????????????????????# ## #####"Y"# | | ????????????????????????????# ##!!= | | ????????????????????????????## ##!== | | ??????????????????????????????# ##!== | | #????????????????????????####### # "" | | #########?????????????? + "" | | # #?????????????????###### # "" | | # """ #??????????????????????## # "" | | # """ #???????????????????????# #! | +----------------------------------------------------+ Best States ------------- Heat Dissipation 35 Energy Generation 10 Energy Capacity 250 Matter Stores 300 Matter Capacity 300 Sight Range 16 Terrain Scan Density 10 Armor Coverage 150 Evasion (%) 50 Item Schematics ----------------- None Robot Schematics ------------------ None Fabricated ------------ Nothing Repaired ---------- Nothing Studied --------- None Alien Tech Used ----------------- None Achievements -------------- First Step to Greatness Ghost 'Em Organ Harvest Storm Trooper There's More Where That Came From Uninvited Guest Challenges ------------ None Game ------ Seed StealthBoltNeutralizer Manual? 0 Play Time 00:30:47 Cumulative 0.4 hours Start 2025.10.22 @ 16:13:14 End 2025.10.22 @ 16:43:38 Sessions 1 Manual Loads 0 Difficulty Rogue Special Mode None Game No. 1 Rogue 1 Adventurer 0 Explorer 0 Win Type - Total 0 Types 0/0/0/0/0/0/0/0/0/0 Lore% 0 Gallery% 1 Achievement% 1 Wizard Run 0 Options --------- Layout 1 ASCII 0 Keyboard 0 Movement Mouse Keybinds 0 Fullscreen 1 Font 24/Smallcaps Map View 50x35 Zoom Use 0% Tactical HUD 0 Map Filters NONE Filters NONE Steam 1 RUN: 0dfd92df-72e1-484c-bced-8423751c2cc1